AoeStats
← mservett

Nomad

507295848Analyzed
4v4 RM · 16d ago on Sep 17, 2026· 38m 12s· 8 players
Game mode
Random Map
Map size
231×231
Population
200
Speed
Normal
Resources
Standard
Victory
Conquest
Starting age
Dark Age
Ending age
Imperial Age
RankedLock teamsTeams togetherTeam positionsShared explorationLock speedFull tech treeHidden civsTurbo modeCheats
Victory
Defeat
🇨🇳 Dravidians · China
1137
+12
🇭🇰 Vietnamese · Hong Kong SAR China
1137
+12
🇹🇼 Celts · Taiwan
1132
+12
🇨🇳 Persians · China
1079
+15
🇹🇷 Ethiopians · Türkiye
1082
-14
🇯🇵 Italians · Japan
1066
-13
🇬🇧 Britons · United Kingdom
1035
-12
🇬🇧 Chinese · United Kingdom
1027
-12
YKY
9:09 Loom
13:30 Feudal Age
15:27 Double-Bit Axe
18:00 Castle Age
17:01 Gold Mining
17:47 Stone Mining
18:58 Bow Saw
20:19 Wheelbarrow
21:52 Horse Collar
24:40 Medium Warships
25:16 Hand Cart
27:14 Stone Shaft Mining
31:01 Imperial Age
29:16 Thumb Ring
30:15 Fletching
30:26 Padded Archer Armor
30:36 Forging
30:33 Scale Barding Armor
31:17 Bodkin Arrow
31:37 Leather Archer Armor
33:06 Bracer
33:42 Iron Casting
33:27 Chain Barding Armor
33:19 Husbandry
33:30 Bloodlines
33:46 Chatras
34:11 Elite Skirmisher
36:15 Plate Barding Armor
36:18 Ring Archer Armor
38:44 Two-Man Saw
37:25 Imperial Skirmisher
野生西红柿
3:10 Loom
12:50 Feudal Age
13:22 Town Watch
13:20 Horse Collar
13:27 Double-Bit Axe
14:21 Wheelbarrow
14:41 Fishing Lines
16:14 Gold Mining
17:11 Bloodlines
18:13 Scale Barding Armor
18:19 Forging
23:41 Castle Age
22:15 Fletching
23:39 Stone Mining
24:51 Hand Cart
24:42 Bodkin Arrow
24:55 Husbandry
27:39 Gillnets
29:34 Chain Barding Armor
29:28 Light Cavalry
33:04 Iron Casting
35:00 Heavy Plow
35:14 Bow Saw
35:44 Stone Shaft Mining
35:45 Gold Shaft Mining
36:20 Town Patrol
40:16 Imperial Age
38:23 Scale Mail Armor
38:23 Padded Archer Armor
板橋伐木工
3:15 Loom
14:19 Feudal Age
18:37 Castle Age
16:53 Double-Bit Axe
26:10 Gambesons
30:00 Gold Mining
31:05 Scale Mail Armor
32:17 Chain Mail Armor
32:43 Arson
33:10 Forging
33:16 Bow Saw
32:48 Horse Collar
35:07 Wheelbarrow
34:38 Heavy Plow
35:44 Iron Casting
40:00 Imperial Age
37:48 Hand Cart
37:54 Town Watch
38:16 Stone Mining
39:04 Gold Shaft Mining
村口最强
9:30 Loom
14:09 Feudal Age
19:27 Castle Age
22:55 Fletching
25:14 Bodkin Arrow
25:22 Padded Archer Armor
25:16 Gold Mining
25:14 Horse Collar
25:26 Double-Bit Axe
30:14 Medical Corps
32:06 Fishing Lines
34:06 Ballistics
36:32 Wheelbarrow
36:46 Fortified Wall
37:28 Murder Holes
37:31 Town Watch
37:53 Squires
37:39 Gambesons
38:25 Hand Cart
mservett
3:55 Loom
14:31 Feudal Age
15:20 Double-Bit Axe
15:21 Fishing Lines
20:50 Castle Age
18:49 Stone Mining
18:51 Gold Mining
18:54 Fletching
19:34 Padded Archer Armor
22:05 Bodkin Arrow
22:26 Leather Archer Armor
22:11 Gillnets
23:30 Town Watch
24:37 Stone Shaft Mining
24:38 Gold Shaft Mining
29:33 Imperial Age
31:12 Bracer
31:23 Forging
31:43 Ring Archer Armor
31:55 Bow Saw
33:18 Iron Casting
32:57 Town Patrol
34:38 Chemistry
33:49 Careening
33:45 Siphons
33:51 Clinker Construction
34:18 Conscription
35:24 Ballistics
35:01 Murder Holes
35:59 Shipwright
168kcal
5:00 Loom
13:42 Feudal Age
18:30 Castle Age
16:37 Double-Bit Axe
16:56 Fishing Lines
18:20 Wheelbarrow
18:45 Horse Collar
24:25 Imperial Age
22:55 Bow Saw
22:53 Padded Archer Armor
26:05 Chemistry
25:12 Town Watch
26:29 Two-Man Saw
25:11 Horse Collar
25:25 Gillnets
26:03 Heavy Plow
27:06 Gold Mining
29:20 Town Watch
29:58 Leather Archer Armor
31:35 Ring Archer Armor
34:09 Town Patrol
36:30 Crop Rotation
35:54 Stone Mining
37:18 Thumb Ring
romeo63
6:37 Loom
15:37 Feudal Age
17:33 Double-Bit Axe
19:47 Gold Mining
20:31 Padded Archer Armor
20:21 Fletching
22:39 Castle Age
22:03 Scale Mail Armor
22:52 Crossbowman
23:46 Thumb Ring
26:25 Forging
32:42 Squires
ImPacT_WiZarD
14:53 Feudal Age
18:43 Castle Age
17:46 Stone Mining
17:54 Double-Bit Axe
19:43 Wheelbarrow
20:12 Bow Saw
22:11 Hand Cart
23:01 Gold Mining
23:45 Padded Archer Armor
25:05 Fletching
26:58 Horse Collar
29:15 Ballistics
33:49 Gold Shaft Mining
34:31 Bodkin Arrow
34:52 Leather Archer Armor
35:53 Pikeman
36:33 Squires
36:43 Scale Mail Armor
36:53 Forging
Connection lost

Rejoining the realm…

Still unreachable

The connection could not be restored.

Session expired

The server has moved on; the page needs a fresh start.